 Dungeon Crawl Stone Soup version 0.25-a0-942-g87a53962fc (webtiles) character file.

Game seed: 8508953844451478661, levelgen mode: deterministic

294554 EnegeticOcto the Warrior (level 19, -20/180 HPs)
             Began as a Minotaur Fighter on May 6, 2020.
             Was an Initiate of Gozag.
             Killed from afar by an ancient lich (66 damage)
             ... with a crystal spear
             ... on level 2 of the Vaults.
             The game lasted 00:29:27 (40894 turns).

EnegeticOcto the Warrior (Minotaur Fighter)        Turns: 40894, Time: 00:29:28

Health: -20/180    AC: 27    Str: 26    XL:     19   Next: 61%
Magic:  24/24      EV: 17    Int:  3    God:    Gozag
Gold:   7567       SH: 33    Dex: 17    Spells: 18/18 levels left

rFire    + . .     SeeInvis .   a - +5 broad axe (venom)
rCold    + . .     Gourm    .   A - +10 tower shield of Ignorance {rN+ Int-4}
rNeg     + . .     Faith    .   c - +0 plate armour {rPois}
rPois    +         Spirit   .   B - +2 hat {MR+}
rElec    .         Reflect  .   T - +2 cloak {MR+}
rCorr    .         Harm     .   C - +0 pair of gloves {Dex+3}
MR       +++..                  X - +0 pair of boots
Stlth    ..........             r - amulet of the acrobat
HPRegen  0.40/turn              D - ring of protection from fire
MPRegen  0.19/turn              J - ring "Emmupnid" {rC+ Dex+3}

@: gold aura, bribing [the Vaults]
A: retaliatory headbutt, horns 2
}: 3/15 runes: decaying, silver, gossamer
a: Potion Petition, Call Merchant, Bribe Branch, Renounce Religion


You were on level 2 of the Vaults.
You worshipped Gozag.
Gozag was greatly pleased with you.
You were not hungry.

You visited 7 branches of the dungeon, and saw 35 of its levels.
You also visited: Bailey.

You collected 14938 gold pieces.
You spent 2747 gold pieces at shops.
You paid 4624 gold pieces to Gozag.

Inventory:

Hand Weapons
 a - a +5 broad axe of venom (weapon)
 b - the +8 spear "Hiorrej" {drain, Str+7}
   (You took it off an orc on level 9 of the Dungeon)

   A truly terrible weapon, it drains the life of those it strikes.
   It affects your strength (+7).
Missiles
 z - 5 throwing nets (quivered)
Armour
 c - a +0 plate armour of poison resistance (worn)
 A - the +10 tower shield of Ignorance (worn) {rN+ Int-4}
   (You bought it in a shop on level 4 of the Dungeon)

   It affects your intelligence (-4).
   It protects you from negative energy.
 B - a +2 hat of magic resistance (worn)
 C - a +0 pair of gloves of dexterity (worn)
 T - a +2 cloak of magic resistance (worn)
 X - a +0 pair of boots (worn)
Jewellery
 h - a +6 ring of strength
 r - an amulet of the acrobat (around neck)
 u - the ring of Suwo {*Slow rPois MP+9 Int+4 Dex+4}
   (You found it on level 1 of the Orcish Mines)

   [ring of intelligence]

   It affects your intelligence (+4).
   It affects your dexterity (+4).
   It protects you from poison.
   It affects your magic capacity (+9).
   It may slow you when you take damage.
 x - a +4 ring of protection
 D - a ring of protection from fire (left hand)
 F - an uncursed ring of protection from magic
 J - the ring "Emmupnid" (right hand) {rC+ Dex+3}
   (You found it on level 11 of the Dungeon)

   [ring of dexterity]

   It affects your dexterity (+3).
   It protects you from cold.
 Z - the amulet of Omaredgh {*Slow +Inv rPois Regen+}
   (You found it on level 3 of the Swamp)

   [amulet of regeneration]

   It protects you from poison.
   It lets you turn invisible.
   It increases your rate of regeneration.
   It may slow you when you take damage.
Wands
 t - a wand of iceblast (29)
 w - a wand of flame (44) {@v3}
 H - a wand of acid (10) {@v1}
 I - a wand of scattershot (7)
 M - a wand of polymorph (31)
 U - a wand of clouds (1)
 V - a wand of paralysis (10)
Scrolls
 f - 3 scrolls of fear
 g - 13 scrolls of identify {@r1}
 l - 6 scrolls of teleportation {@r2}
 m - 6 scrolls of enchant armour
 q - 16 scrolls of remove curse {@r6}
 L - 2 scrolls of immolation {@r4}
 N - a scroll of holy word
 O - 2 scrolls of vulnerability
 P - a scroll of summoning
 R - 2 scrolls of magic mapping {@r5}
 W - 2 scrolls of fog
 Y - a scroll of silence
Potions
 d - 4 potions of brilliance
 i - a potion of heal wounds {@q2}
 j - 5 potions of stabbing {@q5}
 k - 3 potions of might {@q3}
 n - a potion of haste {@q4}
 p - 3 potions of cancellation
 s - 21 potions of curing {@q1}
 v - 5 potions of lignification {@q7}
 E - 6 potions of magic
 G - 5 potions of ambrosia
 K - 5 potions of flight
 Q - 2 potions of mutation
 S - 3 potions of berserk rage
Miscellaneous
 y - a lightning rod (4/4)
Comestibles
 e - 2 rations


   Skills:
 + Level 18.4 Fighting
 - Level 18.0 Axes
 + Level 18.3 Armour
 + Level 16.8 Dodging
 + Level 18.4 Shields
 - Level 8.0 Evocations


You had 18 spell levels left.
You didn't know any spells.
Your spell library contained the following spells:

 Spells                   Type           Power        Failure   Level  Hunger
 Animate Skeleton         Necr           N/A          100%        1    ##.....
 Corona                   Hex            #......      100%        1    ##.....
 Magic Dart               Conj           #...         100%        1    ##.....
 Pain                     Necr           #...         100%        1    ##.....
 Sting                    Tmut/Pois      #...         100%        1    ##.....
 Ensorcelled Hibernation  Hex/Ice        #.....       100%        2    ###....
 Poisonous Vapours        Pois/Air       #.....       100%        2    ###....
 Searing Ray              Conj           #.....       100%        2    ###....
 Swiftness                Chrm/Air       #.......     100%        2    ###....
 Confusing Touch          Hex            #.......     100%        3    ####...
 Dazzling Flash           Conj/Hex       #.....       100%        3    ####...
 Ignite Poison            Fire/Tmut/Pois #.......     100%        3    ####...
 Mephitic Cloud           Conj/Pois/Air  #.......     100%        3    ####...
 Tukima's Dance           Hex            #.......     100%        3    ####...
 Vampiric Draining        Necr           #.........   100%        3    ####...
 Animate Dead             Necr           N/A          100%        4    #####..
 Fulminant Prism          Conj/Hex       #.........   100%        4    #####..
 Iskenderun's Mystic Bla  Conj/Tloc      #.......     100%        4    #####..
 Olgreb's Toxic Radiance  Pois           #.......     100%        4    #####..
 Agony                    Necr           #.......     100%        5    ######.
 Borgnjor's Vile Clutch   Necr/Erth      #.........   100%        5    ######.
 Excruciating Wounds      Chrm/Necr      #.........   100%        5    ######.
 Silence                  Hex/Air        #.........   100%        5    ######.
 Darkness                 Hex            #.........   100%        6    #######
 Shadow Creatures         Summ           N/A          100%        6    #######


Dungeon Overview and Level Annotations

Branches:
Dungeon (15/15)            Temple (1/1) D:6            Lair (4/6) D:9
  Swamp (4/4) Lair:3       Spider (4/4) Lair:4          Orc (2/2) D:12
    Elf (0/3) Orc:2        Vaults (5/5) D:14          Crypt (0/3) Vaults:3
 Depths (0/5) D:15         Bailey (visited)

Altars:
Ashenzari
Cheibriados
Dithmenos
Fedhas
Gozag
Kikubaaqudgha
Makhleb
Nemelex Xobeh
Okawaru
Qazlal
Ru
Sif Muna
Trog
Vehumet
Wu Jian
Xom
Yredelemnul
Zin
The Shining One
Beogh

Shops:
D:4 [[   D:7 (   D:9 :   D:10 *   D:11 *   Orc:2 (:[*   Vaults:2 [

Annotations:
D:6 1 runed translucent door, Topotin's ghost, novice GrCj
D:8 3 runed translucent doors, mortelune's ghost, novice FoFi
Lair:1 1 runed translucent door, gruber's ghost, journeyman DEIE
Lair:4 exclusion: 2 oklob plants
Swamp:2 1 runed translucent door
Vaults:4 3 runed translucent doors, Foufiw's ghost, adept DENe; Isedumueph's ghost, veteran HuFi; TrebMcFLY's ghost, veteran OpFi
Abyss:1 Margery


Innate Abilities, Weirdness & Mutations

You reflexively headbutt those who attack you in melee.
You have a pair of horns on your head.


Message History

The bolt of negative energy hits your entropy weaver!!
Your entropy weaver is drained!
You slice the lich!!
The entropy weaver is no longer bribed.
The ancient lich is no longer bribed.
You headbutt the lich, but do no damage.
The lich is moderately damaged.
The lich gestures at you while chanting.
You feel haunted. You block the lich's attack. The entropy weaver hits you!
You block the entropy weaver's attack. x2
The entropy weaver hits you but does no damage.
You slash the lich!
The lich is heavily damaged.
You hit the entropy weaver.
The entropy weaver is poisoned.
The lich casts a spell at you. You block the poison arrow.
You closely miss the lich.
The lich is heavily damaged.
You hit the ancient lich but do no damage.
You hit the entropy weaver.
The entropy weaver looks as sick as possible!
You block the entropy weaver's attack.
The entropy weaver hits you but does no damage.
You block the entropy weaver's attack. x2
The lich points at you and mumbles some strange words.
The bolt of negative energy hits you!! You partially resist.
You feel drained.
The bolt of negative energy hits the ancient lich.
The ancient lich completely resists.
The ancient lich touches you!
You slice the lich!! You headbutt the lich!
The lich is almost destroyed.
You slash something! You closely miss the phantom.
You hit the ancient lich but do no damage.
You hit the entropy weaver.
The entropy weaver looks as sick as possible!
You slice the wraith!! The entropy weaver closely misses you.
You block the entropy weaver's attack.
The entropy weaver hits you but does no damage.
You block the entropy weaver's attack. The wraith hits you but does no damage.
The phantom hits you but does no damage.
The lich gestures at you while chanting.
You resist with almost no effort. You block something's attack.
Deactivating autopickup; reactivate with Ctrl-A.
You hit the lich.
The lich is almost destroyed.
You closely miss the wraith. You slash the entropy weaver!
The entropy weaver looks as sick as possible!
You hit the ancient lich but do no damage.
You slash the phantom! You hit something but do no damage.
You block the entropy weaver's attack. x4
The ancient lich casts a spell at you. The crystal spear hits you!!!
The lich touches you but does no damage.
The phantom closely misses you. The wraith misses you. You furiously retaliate!
You headbutt the wraith. Something hits you but does no damage.
You slash the lich!
You destroy the lich!
The wraith disappears in a puff of smoke!
Reactivating autopickup.
The phantom disappears in a puff of smoke!
You slash the entropy weaver!
The entropy weaver looks as sick as possible!
You hit the ancient lich.
You block the entropy weaver's attack. x2
The entropy weaver hits you but does no damage.
You block the entropy weaver's attack.
The ancient lich touches you but does no damage.
You closely miss the entropy weaver.
The entropy weaver is almost dead.
You barely miss the ancient lich. The entropy weaver closely misses you.
You block the entropy weaver's attack. x3; You block the ancient lich's attack.
You hit the entropy weaver.
The entropy weaver looks as sick as possible!
You headbutt the entropy weaver!
The entropy weaver is almost dead.
You hit the ancient lich but do no damage.
You kill the entropy weaver!
Your life force feels restored.
You carve the ancient lich like a ham!!!
Your headbutt misses the ancient lich.
The ancient lich is heavily damaged.
The ancient lich points at you and mumbles some strange words.
The bolt of acid misses you.
You slash the ancient lich! You headbutt the ancient lich!!
The ancient lich is severely damaged.
The ancient lich gestures at you while chanting.
The crystal spear hits you!!!
* * * LOW HITPOINT WARNING * * *
An ancient lich is nearby!
An ancient lich is nearby!
An ancient lich is nearby!
An ancient lich is nearby!
An ancient lich is nearby!
You are too injured to fight recklessly!
An ancient lich is nearby!
An ancient lich is nearby!
You closely miss the ancient lich.
You headbutt the ancient lich, but do no damage.
The ancient lich is severely damaged.
The ancient lich points at you and mumbles some strange words.
The crystal spear hits you!!!
You die...
Your body crumbles into a pile of gold.

#.....# #.....# ########.....#
####### #......#.....# ......#
#......#.....#
......######......#.....########
......#......._^..#.....#......#
......#.........$.'.....#......#
......'........$@L#....(#......#
......#...........#.....#......#
#######...........#.....#......#
#....[......#.....'......#
#...........#[....#########
#...........#...[..........
#...........#..............
##'###########..............
#...#.# #..............


You could see an ancient lich.

Vanquished Creatures
  A lich (Vaults:2)
  A tentacled monstrosity (Swamp:2)
  A titan (Vaults:1)
  3 tengu reavers
  Kirke (Swamp:4)
  4 thorn hunters (Swamp:4)
  4 ghost moths (Spider:4)
  7 vault wardens
  2 orc warlords
  7 emperor scorpions
  2 frost giants
  Aizul (Spider:3)
  3 entropy weavers
  The ghost of Yorgos the Blocker, a journeyman GnFi of Qazlal (Orc:1)
  3 stone giants (Vaults:2)
  4 very ugly things (Vaults:5)
  8 ironheart preservers
  3 spark wasps
  2 ettins (Vaults:4)
  A deep elf demonologist (Vaults:1)
  A deep elf death mage (Vaults:1)
  16 yaktaur captains
  4 ice dragons
  2 great orbs of eyes
  Harold (D:7)
  A ghost crab (Swamp:3)
  20 hydras
  20 centaur warriors
  12 vault guards
  4 shambling mangroves
  Erica (Lair:2)
  A catoblepas (Lair:4)
  6 two-headed ogres
  A tengu warrior (D:11)
  A death knight (Vaults:3)
  An alligator (Swamp:2)
  4 ogre magi
  A queen ant (shapeshifter) (D:11)
  A vampire mage (Vaults:1)
  A death yak (Lair:4)
  Urug (D:10)
  6 deep elf knights
  An orc high priest (Orc:2)
  A shadow wraith (Vaults:2)
  7 hell knights (Vaults:2)
  A spriggan druid (Swamp:4)
  A deep troll (Vaults:4)
  3 unseen horrors
  5 deep elf archers
  2 necromancers
  5 wolf spider zombies (Spider:2)
  5 wizards
  11 swamp dragons
  8 ironbrand convokers
  11 orc knights
  10 orc sorcerers
  17 orb spiders
  21 wolf spiders
  12 ugly things
  9 cyclopes
  A manticore (D:11)
  3 deep elf magi
  Maurice (D:11)
  Psyche (D:10)
  Joseph (D:8)
  A black mamba (Lair:3)
  7 vault sentinels
  4 torpor snails
  11 spiny frogs
  2 gargoyles
  4 kobold demonologists
  29 yaktaurs
  A rime drake (Lair:3)
  5 freezing wraiths
  A komodo dragon (shapeshifter) (Vaults:3)
  10 redback zombies (Spider:2)
  A yaktaur (shapeshifter) (D:14)
  3 komodo dragons
  8 demonic crawlers
  A queen bee (Spider:4)
  A polar bear (Lair:4)
  3 meliai (Spider:4)
  A harpy zombie (D:15)
  15 trolls
  17 jumping spiders
  2 jumping spiders (shapeshifter)
  7 bog bodies
  5 tyrant leeches
  A hornet (shapeshifter) (D:15)
  10 blink frogs
  11 tarantella zombies (Spider:2)
  12 hornets
  16 slime creatures
  A centaur simulacrum (D:15)
  3 shadows
  5 wraiths
  5 hippogriffs
  5 spriggans
  44 redbacks
  30 tarantellas
  A yak (shapeshifter) (D:13)
  3 hungry ghosts (D:11)
  A vampire (D:11)
  3 neqoxecs (Orc:1)
  48 yaks
  2 wyverns
  8 basilisks
  A steam dragon (D:15)
  6 hogs (Swamp:4)
  4 humans (D:7)
  18 vampire mosquitoes
  3 insubstantial wisps (Swamp:2)
  9 swamp worms
  13 wargs
  3 acid dragons
  A soldier ant (D:15)
  2 soldier ants (shapeshifter)
  8 water moccasins
  7 porcupines
  4 ice beasts
  A phantom (D:12)
  12 swamp drakes
  6 sky beasts
  42 orc warriors
  4 eyes of draining
  3 black bears
  15 wolves
  3 necrophages
  31 ogres
  31 centaurs
  12 crocodiles
  4 big kobolds
  19 bullfrogs
  A wyvern zombie (D:13)
  A water moccasin skeleton (D:10)
  A wyvern skeleton (D:9)
  A human simulacrum (Vaults:2)
  24 killer bees
  4 scorpions
  13 wights
  4 electric eels
  7 crimson imps
  3 bullfrog zombies
  4 howler monkeys
  6 quasits
  3 jellies
  A gnoll shaman (D:6)
  4 centaur zombies
  6 hounds
  25 orc priests
  2 bullfrog skeletons
  42 orc wizards
  5 centaur skeletons
  12 iguanas
  10 worker ants
  A bullfrog simulacrum (D:11)
  A worker ant zombie (D:5)
  24 gnolls
  14 adders
  5 shadow imps
  A white imp (Vaults:2)
  An adder zombie (D:8)
  An adder skeleton (D:5)
  4 worms
  4 leopard geckos
  135 orcs
  8 bats
  6 giant cockroaches
  10 goblins
  17 hobgoblins
  4 jackals (D:5)
  31 kobolds
  9 quokkas
  5 frilled lizards
  A jackal skeleton (D:7)
  A leopard gecko zombie (D:6)
  A quokka skeleton (D:9)
  5 rats
  A plant (Lair:4)
1381 creatures vanquished.

Vanquished Creatures (collateral kills)
  A titan (Vaults:5)
  A tengu reaver (Vaults:5)
  A storm dragon (Vaults:5)
  A frost giant (Vaults:5)
  A very ugly thing (Vaults:5)
  An ettin (Vaults:5)
  2 yaktaur captains (Vaults:5)
  7 vault guards (Vaults:5)
  A sea snake (shapeshifter) (Vaults:5)
  A deep elf mage (Vaults:5)
  A vault sentinel (Vaults:5)
  A yaktaur (Vaults:2)
19 creatures vanquished.

Vanquished Creatures (others)
  A lich (Vaults:5)
  2 titans (Vaults:5)
  An ironheart preserver (Vaults:5)
  A stone giant (Vaults:5)
  6 vault guards (Vaults:5)
  An ironbrand convoker (Vaults:5)
  A deep elf mage (Vaults:5)
  A vault sentinel (Vaults:5)
  3 yaktaurs (Vaults:5)
  A hornet (Swamp:2)
  A swamp worm (Swamp:3)
  A swamp drake (Swamp:3)
  2 orcs (Orc:2)
  7 briar patches (Swamp:4)
  A fungus (Lair:4)
  17 plants
47 creatures vanquished.

Grand Total: 1447 creatures vanquished

Notes
Turn   | Place    | Note
-------+----------+-------------------------------------------
     0 | D:1      | EnegeticOcto the Minotaur Fighter began the quest for the
                  | Orb.
     0 | D:1      | Reached XP level 1. HP: 19/19 MP: 0/0
   377 | D:1      | Reached XP level 2. HP: 27/27 MP: 1/1
   880 | D:2      | Reached XP level 3. HP: 33/33 MP: 2/2
   983 | D:2      | Reached skill level 1 in Dodging
  1784 | D:3      | Reached XP level 4. HP: 37/40 MP: 3/3
  1959 | D:3      | Found a blossoming altar of Fedhas.
  1961 | D:3      | Found a sacrificial altar of Ru.
  1963 | D:3      | Noticed an ogre
  1967 | D:3      | Killed an ogre
  1967 | D:3      | Reached XP level 5. HP: 47/47 MP: 4/4
  1968 | D:3      | Found a sparkling altar of Nemelex Xobeh.
  2058 | D:3      | Found an ornate altar of the Wu Jian Council.
  2061 | D:3      | Found a shadowy altar of Dithmenos.
  2061 | D:3      | Found a stormy altar of Qazlal.
  2061 | D:3      | Found a glowing silver altar of Zin.
  2062 | D:3      | Found a glowing golden altar of the Shining One.
  2643 | D:4      | Reached XP level 6. HP: 41/53 MP: 5/5
  2906 | D:4      | Reached skill level 5 in Axes
  2912 | D:4      | Reached skill level 5 in Armour
  2988 | D:4      | Reached skill level 5 in Fighting
  2988 | D:4      | Reached skill level 5 in Shields
  3290 | D:4      | Reached XP level 7. HP: 61/61 MP: 6/6
  3360 | D:4      | Found Moicuurch's Antique Armour Shop.
  3651 | D:5      | Entered Level 5 of the Dungeon
  3773 | D:5      | Found a bloodstained altar of Trog.
  3990 | D:5      | Reached skill level 1 in Evocations
  4671 | D:6      | Reached XP level 8. HP: 66/70 MP: 6/8
  5616 | D:6      | Found a staircase to the Ecumenical Temple.
  5625 | Temple   | Entered the Ecumenical Temple
  5643 | Temple   | Became a worshipper of Gozag Ym Sagoz the Greedy
  5836 | D:6      | Found a runed translucent door.
  5836 | D:6      | Found a shimmering altar of Xom.
  5836 | D:6      | Noticed Topotin's ghost (novice GrCj)
  5836 | D:6      | Noticed a +2 flail of chaos
  6259 | D:7      | Noticed Harold
  6277 | D:7      | Killed Harold
  6277 | D:7      | Reached skill level 5 in Dodging
  6277 | D:7      | Reached XP level 9. HP: 79/79 MP: 8/10
  6654 | D:7      | Found Gotej's Weapon Shoppe.
  7002 | D:8      | Noticed Joseph
  7013 | D:8      | Killed Joseph
  7013 | D:8      | Reached XP level 10. HP: 74/88 MP: 10/12
  7275 | D:8      | Reached skill level 10 in Axes
  7788 | D:8      | Found a runed translucent gate.
  7790 | D:8      | Found a runed translucent gate.
  7790 | D:8      | Found an opulent altar of Gozag.
  7790 | D:8      | Noticed a deep troll
  7791 | D:8      | Found a runed translucent gate.
  7791 | D:8      | Noticed mortelune's ghost (novice FoFi)
  8066 | D:9      | Found a staircase to the Lair.
  8322 | D:9      | Identified the +8 spear "Hiorrej" {drain, Str+7}
  8786 | D:9      | Found Igeta's Book Boutique.
  9234 | D:10     | Entered Level 10 of the Dungeon
  9269 | D:10     | Killed an unseen horror
  9269 | D:10     | Reached skill level 5 in Evocations
  9495 | D:10     | Noticed Urug
  9514 | D:10     | Killed Urug
  9514 | D:10     | Reached XP level 11. HP: 58/94 MP: 13/13
  9705 | D:10     | Noticed a two-headed ogre
  9747 | D:10     | Killed a two-headed ogre
 10377 | D:10     | Found a shadowy altar of Dithmenos.
 10469 | D:10     | Killed an unseen horror
 10688 | D:10     | Noticed Psyche
 10691 | D:10     | Killed Psyche
 10914 | D:10     | Bought a +4 broad axe of electrocution for 576 gold pieces
 10914 | D:10     | Bought a +0 pair of gloves of dexterity for 207 gold pieces
 11237 | D:11     | Noticed a brown ugly thing
 11243 | D:11     | Killed a brown ugly thing
 11522 | D:11     | Noticed Maurice
 11530 | D:11     | Killed Maurice
 11733 | D:11     | Noticed a centaur warrior
 11750 | D:11     | Reached XP level 12. HP: 87/105 MP: 15/15
 11763 | D:11     | Killed a centaur warrior
 11767 | D:11     | Reached skill level 10 in Fighting
 11868 | D:11     | Noticed a centaur warrior
 11869 | D:11     | Noticed a yaktaur captain
 11869 | D:11     | Noticed a frost giant
 11869 | D:11     | Noticed an ogre mage
 11872 | D:11     | Killed an ogre mage
 11872 | D:11     | Reached skill level 10 in Armour
 11872 | D:11     | Reached skill level 10 in Shields
 11884 | D:11     | Killed a yaktaur captain
 11888 | D:11     | Killed a frost giant
 11890 | D:11     | Killed a centaur warrior
 12208 | D:11     | Noticed a tengu reaver
 12219 | D:11     | Killed a tengu reaver
 12366 | D:11     | Noticed a tengu warrior
 12367 | D:11     | Noticed an anaconda
 12367 | D:11     | an anaconda changed into a faun
 12370 | D:11     | Killed a tengu warrior
 12370 | D:11     | Noticed an anaconda
 12370 | D:11     | a faun changed into an anaconda
 12373 | D:11     | Noticed a great orb of eyes
 12373 | D:11     | an anaconda changed into a great orb of eyes
 12377 | D:11     | Paralysed by a great orb of eyes for 7 turns
 12380 | D:11     | a great orb of eyes changed into a tyrant leech
 12385 | D:11     | Noticed a queen ant
 12385 | D:11     | a tyrant leech changed into a queen ant
 12390 | D:11     | Killed a queen ant
 12809 | D:11     | Got a slimy steel ring
 12988 | D:11     | Found Cubliudots's General Store.
 13277 | D:11     | Identified the ring "Emmupnid" {rC+ Dex+3} (You found it on
                  | level 11 of the Dungeon)
 13413 | Lair:1   | Entered Level 1 of the Lair of Beasts
 13482 | Lair:1   | Got a twitching golden ring
 13756 | Lair:1   | Found a runed translucent door.
 13757 | Lair:1   | Noticed gruber's ghost (journeyman DEIE)
 14380 | Lair:2   | Reached XP level 13. HP: 114/114 MP: 17/17
 14430 | Lair:2   | You fall into a shaft and drop 2 floors!
 15712 | Lair:4   | Found a hole to the Spider Nest.
 16130 | Lair:3   | Found a staircase to the Swamp.
 16608 | Lair:3   | Reached skill level 10 in Dodging
 17340 | Lair:4   | Identified the ring "Fezaghig" {+Fly Stlth+} (You found it
                  | on level 1 of the Lair of Beasts)
 17531 | D:12     | Reached skill level 15 in Axes
 18059 | D:12     | Found a staircase to the Orcish Mines.
 18351 | D:12     | Reached XP level 14. HP: 124/124 MP: 19/19
 19809 | Orc:1    | Entered Level 1 of the Orcish Mines
 19906 | Orc:2    | Entered Level 2 of the Orcish Mines
 19906 | Orc:2    | Found a staircase to the Elven Halls.
 20815 | Orc:2    | Found a radiant altar of Vehumet.
 20905 | Orc:2    | Noticed Sonja
 20906 | Orc:2    | Noticed Sonja
 20906 | Orc:2    | Sonja changed into Sonja the crocodile
 20913 | Orc:2    | Killed Sonja the crocodile
 20967 | Orc:2    | Found a roughly hewn altar of Beogh.
 20999 | Orc:2    | Found Ushemipu's Antique Armour Emporium.
 21035 | Orc:2    | Found Xis Juna's General Store.
 21149 | Orc:2    | Found Nijipraf's Antique Weapon Emporium.
 21149 | Orc:2    | Found Ipneut's Book Shop.
 21865 | Orc:1    | Found a transporter.
 21866 | Orc:1    | Noticed Yorgos's ghost (journeyman GnFi)
 21883 | Orc:1    | Noticed an orc warlord
 21899 | Orc:1    | Killed an orc warlord
 21912 | Orc:1    | Found a transporter.
 23129 | D:4      | Bought the +10 tower shield of Ignorance {rN+ Int-4} for
                  | 1031 gold pieces
 23129 | D:4      | Found the +10 tower shield of Ignorance {rN+ Int-4}
 23129 | D:4      | Bought a +2 cloak of magic resistance for 387 gold pieces
 23153 | D:4      | Bought a glowing plate armour for 546 gold pieces
 23604 | D:14     | Found a flagged portal.
 23614 | Bailey   | Entered a bailey
 23902 | D:14     | Identified a scroll of acquirement
 23902 | D:14     | Identified the +6 broad axe of Psychosis {holy, rElec Int-3
                  | Dex+6 Stlth+} (You acquired it on level 14 of the Dungeon)
 24326 | D:14     | Found a gate to the Vaults.
 24326 | D:14     | Noticed an ironheart preserver
 24340 | D:14     | Killed an ironheart preserver
 24853 | D:15     | Entered Level 15 of the Dungeon
 24857 | D:15     | Reached XP level 15. HP: 126/133 MP: 20/20
 24953 | D:15     | Found a sacrificial altar of Ru.
 25376 | D:15     | Found a staircase to the Depths.
 25637 | D:15     | Found a sparkling altar of Nemelex Xobeh.
 26208 | Lair:2   | Noticed Erica
 26224 | Lair:2   | Killed Erica
 26945 | Spider:1 | Entered Level 1 of the Spider Nest
 26945 | Spider:1 | Found the +4 dagger "Morg" {pain, MR+ Int+5}
 28524 | Spider:2 | Reached XP level 16. HP: 114/145 MP: 21/21
 29168 | Spider:3 | Noticed Aizul
 29188 | Spider:3 | Killed Aizul
 29308 | Spider:3 | Identified the +5 battleaxe "Togep" {freeze, *Drain rC+
                  | SInv} (You acquired it on level 3 of the Spider Nest)
 29439 | Spider:4 | Entered Level 4 of the Spider Nest
 29761 | Spider:4 | Lost intelligence.
 29773 | Spider:4 | Reached skill level 15 in Fighting
 29792 | Spider:4 | Reached skill level 15 in Shields
 30034 | Spider:4 | Got a gossamer rune of Zot
 30378 | Spider:4 | Reached skill level 15 in Armour
 31043 | Lair:2   | Paralysed by fainting for 9 turns
 31307 | Orc:1    | Killed Yorgos's ghost
 31406 | Orc:1    | Got the ring of Suwo {Int+4}
 31416 | Orc:1    | Identified the ring of Suwo {*Slow rPois MP+9 Int+4 Dex+4}
                  | (You found it on level 1 of the Orcish Mines)
 31693 | Swamp:1  | Entered Level 1 of the Swamp
 31901 | Swamp:2  | Reached XP level 17. HP: 147/156 MP: 22/22
 32026 | Swamp:2  | Noticed a tentacled monstrosity
 32034 | Swamp:2  | Killed a tentacled monstrosity
 32163 | Swamp:2  | Found a runed translucent door.
 32600 | Swamp:3  | Got a sparkling graven amulet
 32601 | Swamp:3  | Identified the amulet of Omaredgh {*Slow +Inv rPois Regen+}
                  | (You found it on level 3 of the Swamp)
 32747 | Swamp:4  | Entered Level 4 of the Swamp
 33940 | Swamp:4  | Got a decaying rune of Zot
 34362 | Swamp:4  | Noticed Kirke
 34384 | Swamp:4  | Killed Kirke
 34855 | Vaults:1 | Entered Level 1 of the Vaults
 34934 | Vaults:1 | Noticed a titan
 34948 | Vaults:1 | Killed a titan
 34981 | Vaults:1 | Reached skill level 15 in Dodging
 35407 | Vaults:1 | Reached XP level 18. HP: 168/168 MP: 23/23
 36876 | Vaults:2 | Found an ornate altar of the Wu Jian Council.
 36937 | Vaults:2 | Noticed a lich
 37276 | Vaults:2 | Found Yfuteu's Antique Armour Shoppe.
 37702 | Vaults:2 | Noticed Margery
 37703 | Vaults:2 | Banished Margery
 38701 | Vaults:3 | Identified Soebler's Handbook of Talismans
 38869 | Vaults:3 | Found a staircase to the Crypt.
 38869 | Vaults:3 | Found a basalt altar of Yredelemnul.
 38870 | Vaults:3 | Found an ancient bone altar of Kikubaaqudgha.
 39101 | Vaults:4 | Reached XP level 19. HP: 157/178 MP: 24/24
 39485 | Vaults:4 | Found a runed translucent gate.
 39485 | Vaults:4 | Found a runed translucent gate.
 39485 | Vaults:4 | Found a runed translucent gate.
 39485 | Vaults:4 | Found an ancient bone altar of Kikubaaqudgha.
 39485 | Vaults:4 | Noticed a lich
 39485 | Vaults:4 | Noticed an ancient lich
 39485 | Vaults:4 | Noticed TrebMcFLY's ghost (veteran OpFi)
 39485 | Vaults:4 | Noticed Foufiw's ghost (adept DENe)
 39486 | Vaults:4 | Noticed Isedumueph's ghost (veteran HuFi)
 39749 | Vaults:5 | Entered Level 5 of the Vaults
 40051 | Vaults:5 | Identified the +7 shortbow of a Thousand Moons {flame,
                  | Stlth+}
 40051 | Vaults:5 | Identified the ring "Kiruaz" {Int+4 Dex+3 SInv}
 40213 | Vaults:5 | Noticed an ancient lich
 40559 | Vaults:5 | Got a silver rune of Zot
 40622 | Vaults:5 | Identified the +1 leather armour "Xuscheg" {-Tele MR+ Int+8
                  | Stlth-}
 40894 | Vaults:2 | Killed from afar by an ancient lich

Levels and vault maps discovered:
D:1:      nzn_arrival_depleted_hourglass, layout_basic
D:2:      layout_loops_corners
D:3:      layout_loops_cross, grunt_temple_overflow_open, grunt_ministairs_10
D:4:      layout_rooms, serial_shops, shop
D:5:      layout_layer_cave, first_ration, trog_eyes_of_draining
D:6:      layout_loops_corners, minmay_temple_entry_butterflies,
          ebering_ghost_xom, grunt_decor_arrowhead, kennysheep_generic_room_14
D:7:      layout_loops_ring, serial_shops, shop_statue, kennysheep_minor_cross,
          minmay_ruffians, uniq_harold
D:8:      layout_loops_ring, ebering_ghost_gozag, uniq_joseph
D:9:      layout_loops_ring, david_lair_generic, serial_shops, shop
D:10:     layout_roguey, basic_altar, uniq_psyche, uniq_urug
D:11:     minmay_tearing_corner, layout_basic, serial_shops, shop, uniq_maurice
D:12:     layout_stronghold, orc_0_dummy
D:13:     layout_long_grid
D:14:     layout_stronghold, skrybe_vaults_entry_preservation,
          minmay_misc_feat_enclosed, enter_bailey_2
D:15:     grunt_enter_depths_snipers, layout_rooms, hangedman_ru_absence,
          nemelex_diamond_rough_becter
Temple:   zaba_magenta_temple
Lair:1:   layout_cave_pods, ebering_ghost_reflecting_pool
Lair:2:   layout_gridlike, uniq_erica
Lair:3:   layout_hall_layers, minmay_swamp_entry_reptiles,
          infiniplex_staircase_pool
Lair:4:   layout_cave_pods, spider_nest_entry_funnel_web, serial_bayou_shore_a,
          grunt_megastairs_5, minmay_lair_oklob_chamber
Swamp:1:  gammafunk_mikee_crab_dinner, layout_basic_swamp,
          portal_ice_cave_entry_pillars_1, evilmike_swamp_ruin_rubble_1
Swamp:2:  layout_basic_swamp, ebering_ghost_reflecting_pool, hangedman_swamp_pad
Swamp:3:  layout_falls_marsh, evilmike_swamp_ruin_house_3, swamp_pool4,
          grunt_hermit_hut, infiniplex_staircase_pool_2
Swamp:4:  swamp, layout_basic_swamp, swamp_pool1, lemuel_altar_in_water2,
          uniq_kirke
Spider:1: cheibrodos_forgotten_conduit
Spider:2: lemuel_spider_zombies
Spider:3: layout_spider_delve, uniq_aizul
Spider:4: grunt_spider_rune_circles, nicolae_looking_at_the_future
Orc:1:    nicolae_orc_accident_3, layout_diamond_mine,
          gammafunk_ghost_stat_death
Orc:2:    st_orc_town, layout_caves, basic_altar, uniq_sonja
Vaults:1: st_greater_box_2, ontoclasm_vaults_gateway, vaults_room_octagon,
          v_misc_13, v_misc_19, vaults_standard_mumra_x,
          layout_vaults_chaotic_city, uniq_asterion
Vaults:2: nicolae_vaults_specimen_jars, ontoclasm_vaults_bender,
          vaults_mumra_minichess, nicolae_vaults_ring_of_whatevers,
          nicolae_vaults_little_ls, vaults_mumra_lcd, serial_ice_g,
          hangedman_vaults_corner_blocks, nicolae_vaults_little_squares_2,
          st_spiral_rooms, v_rooms_1, vaults_mumra_chevron,
          nicolae_vaults_little_squares_4, nicolae_vaults_border_crossing,
          layout_vaults_ring, serial_shops, nicolae_shop_overgrown_old_shop,
          basic_altar, uniq_margery
Vaults:3: hangedman_vaults_corner, hangedman_vaults_capsules, st_cells,
          minmay_crypt_entry_necro_gods, nicolae_vaults_little_squares_3,
          v_misc_15, vaults_room_fours, layout_vaults_omnigrid
Vaults:4: gammafunk_vaults_ghost_crypt, vaults_room_stairs_pillars,
          vaults_room_glass_cross, ontoclasm_vaults_claustrophobia, v_misc_16,
          nicolae_vaults_big_ls, v_misc_12, nicolae_vaults_asterisk,
          ontoclasm_vaults_loading_screen, ontoclasm_vaults_decontamination,
          v_misc_17, layout_vaults_omnibox
Vaults:5: uniq_jory

Skill      XL: |  1  2  3  4  5  6  7  8  9 10 11 12 13 14 15 16 17 18 19 |
---------------+----------------------------------------------------------+-----
Axes           | 3 4 5 6 8 9 11 12 13 15 16 18 | 18.0
Armour         | 4 5 7 8 9 10 11 12 13 15 16 17 18 | 18.3
Fighting       | 4 5 7 8 9 10 11 12 13 15 16 17 18 | 18.4
Dodging        | 1 2 3 5 7 8 9 10 11 12 13 15 16 | 16.8
Shields        | 4 5 7 8 9 10 11 12 13 15 16 17 18 | 18.4
Evocations     | 1 3 4 5 6 7 8 |  8.0

Action                   |  1- 3 |  4- 6 |  7- 9 | 10-12 | 13-15 | 16-18 | 19-21 || total
-------------------------+-------+-------+-------+-------+-------+-------+-------++-------
Melee: War axe           |    84 |   104 |   204 |   296 |       |       |       ||   688
       Headbutt          |     7 |    20 |    54 |   119 |   312 |   380 |    64 ||   956
       Hand axe          |       |       |    59 |       |       |       |       ||    59
       Broad axe         |       |       |       |   191 |  1204 |  1335 |   231 ||  2961
Invok: Potion Petition   |       |       |     1 |       |       |     1 |       ||     2
       Call Merchant     |       |       |       |     1 |     1 |       |       ||     2
       Bribe Branch      |       |       |       |       |       |       |     1 ||     1
Evoke: Wand              |       |       |     2 |    12 |     2 |     8 |       ||    24
       Lightning rod     |       |       |       |       |     4 |       |       ||     4
       Phantom mirror    |       |       |       |       |       |     1 |       ||     1
  Use: Scroll            |     3 |     3 |    11 |    12 |    14 |     7 |     1 ||    51
       Potion            |       |       |       |       |     1 |    17 |       ||    18
 Stab: Distracted        |       |       |       |     1 |    10 |    12 |     8 ||    31
       Paralysed         |       |       |       |     3 |       |     4 |       ||     7
       Sleeping          |       |       |       |       |       |    23 |       ||    23
       Invisible         |       |       |       |       |       |     5 |       ||     5
       Confused          |       |       |       |       |       |     1 |       ||     1
  Eat: Chunk             |     2 |     5 |     8 |       |       |       |       ||    15
       Ration            |       |       |     2 |     7 |    15 |    10 |     2 ||    36
Armor: Scale mail        |    31 |    43 |    54 |       |       |       |       ||   128
       Chain mail        |       |       |    46 |   220 |   136 |       |       ||   402
       Plate armour      |       |       |       |       |   119 |   369 |    24 ||   512
Dodge: Dodged            |    31 |    25 |    83 |   173 |   418 |   362 |    36 ||  1128
Block: Kite shield       |    47 |    57 |   135 |   276 |   358 |       |       ||   873
       Tower shield      |       |       |       |       |   701 |  1680 |   202 ||  2583

Table legend:
 A = Non-vault XP
 B = Vault XP
 C = Vault XP percentage of total XP
 D = Non-vault monster count
 E = Vault monster count
 F = Vault count percentage of total count
                 A         B        C        D         E       F
            +---------+---------+-------+---------+---------+-------
      Total |  247421 |  188965 |  43.3 |    1009 |     395 |  28.1
            +---------+---------+-------+---------+---------+-------
        D:1 |      23 |       0 |   0.0 |      13 |       0 |   0.0
        D:2 |      49 |       0 |   0.0 |      18 |       0 |   0.0
        D:3 |     276 |       2 |   0.7 |      37 |       2 |   5.1
        D:4 |     532 |       0 |   0.0 |      21 |       0 |   0.0
        D:5 |     357 |     133 |  27.1 |      19 |       3 |  13.6
        D:6 |     991 |       0 |   0.0 |      32 |       0 |   0.0
        D:7 |     992 |    1796 |  64.4 |      20 |       5 |  20.0
        D:8 |    1555 |     707 |  31.3 |      27 |       2 |   6.9
        D:9 |    1792 |     579 |  24.4 |      23 |       3 |  11.5
       D:10 |    6753 |    1294 |  16.1 |      45 |       2 |   4.3
       D:11 |    5289 |   11807 |  69.1 |      32 |      17 |  34.7
       D:12 |    8829 |       0 |   0.0 |      59 |       0 |   0.0
       D:13 |    6333 |       0 |   0.0 |      29 |       0 |   0.0
       D:14 |    6469 |    3208 |  33.2 |      33 |       9 |  21.4
       D:15 |   14996 |    2392 |  13.8 |      46 |       3 |   6.1
     Lair:1 |    3010 |       0 |   0.0 |      19 |       0 |   0.0
     Lair:2 |    4529 |     950 |  17.3 |      18 |       1 |   5.3
     Lair:3 |    7505 |    1145 |  13.2 |      34 |       4 |  10.5
     Lair:4 |    8016 |    2519 |  23.9 |      30 |      10 |  25.0
    Swamp:1 |    3940 |       0 |   0.0 |      17 |       0 |   0.0
    Swamp:2 |    9706 |       0 |   0.0 |      24 |       0 |   0.0
    Swamp:3 |    7427 |       0 |   0.0 |      20 |       0 |   0.0
    Swamp:4 |   17623 |   23692 |  57.3 |      31 |      37 |  54.4
   Spider:1 |   14707 |    5996 |  29.0 |      46 |      10 |  17.9
   Spider:2 |       0 |    9969 | 100.0 |       0 |      27 | 100.0
   Spider:3 |   12946 |    1625 |  11.2 |      30 |       1 |   3.2
   Spider:4 |    6754 |   29214 |  81.2 |      22 |      56 |  71.8
      Orc:1 |    5138 |    2625 |  33.8 |      59 |      15 |  20.3
      Orc:2 |    7634 |    6507 |  46.0 |      55 |      52 |  48.6
   Vaults:1 |   23223 |   22744 |  49.5 |      37 |      22 |  37.3
   Vaults:2 |   16198 |   24735 |  60.4 |      25 |      36 |  59.0
   Vaults:3 |   15681 |    4446 |  22.1 |      32 |       7 |  17.9
   Vaults:4 |   21150 |    8587 |  28.9 |      43 |      12 |  21.8
   Vaults:5 |    6998 |   21463 |  75.4 |      13 |      25 |  65.8
     Bailey |       0 |     830 | 100.0 |       0 |      34 | 100.0
            +---------+---------+-------+---------+---------+-------
